PAAA
BAKERSFIELD NOBLES @ PHOENIX HOTSPUR RESERVES
09/14/2029
 
TOP OF THE 1ST
Bakersfield Nobles batting - Pitching for Phoenix Hotspur Reserves : RHP José Ruíz
Pitching: RHP José Ruíz
Batting: RHB Francisco Agámez 0-0: Ground out 6-3 (Groundball, 6)
Batting: LHB Hideki Hisanobu 0-0: Ball
1-0: Ball
2-0: Hit by Pitch
Batting: LHB Theo Fightmaster 0-0: Ball
1-0: Foul Ball, location: 2F
1-1: Foul Ball, location: 2F
1-2: SINGLE (Groundball, 34D)
Hideki Hisanobu to second
Runner from 2nd tries for 3rd, SAFE, no throw
Batting: LHB Jorge Alejándrez 0-0: Called Strike
0-1: Swinging Strike
0-2: 3-RUN HOME RUN (Flyball, 9D), Distance : 379 ft
Batting: SHB Jason Alexander 0-0: Ball
1-0: Fly out, F4 (Flyball, 4MD)
Batting: RHB António Ramírez 0-0: Ball
1-0: Ball
2-0: Called Strike
2-1: Ball
3-1: Fly out, F9 (Flyball, 89D)
Top of the 1st over - 3 runs, 2 hits, 0 errors, 0 left on base; Bakersfield 3 - Phoenix 0
BOTTOM OF THE 1ST
Phoenix Hotspur Reserves batting - Pitching for Bakersfield Nobles : RHP Ricardo Gómez
Pitching: RHP Ricardo Gómez
Batting: SHB Roberto López 0-0: Called Strike
0-1: Foul Ball, location: 2F
0-2: Ball
1-2: Strikes out swinging
Batting: RHB Satoshi Terada 0-0: Called Strike
0-1: Ball
1-1: Called Strike
1-2: Foul Ball, location: 2F
1-2: Fly out, F4 (Line Drive, 34)
Batting: RHB Hieronymus Bosch 0-0: Foul Ball, location: 2F
0-1: Ball
1-1: Ball
2-1: Foul Ball, location: 2F
2-2: Foul Ball, location: 2F
2-2: Ball
3-2: Base on Balls
Batting: RHB Julián De Paz 0-0: Foul Ball, location: 2F
0-1: Fly out, F6 (Popup, P)
Bottom of the 1st over - 0 runs, 0 hits, 0 errors, 1 left on base; Bakersfield 3 - Phoenix 0
TOP OF THE 2ND
Bakersfield Nobles batting - Pitching for Phoenix Hotspur Reserves : RHP José Ruíz
Batting: RHB Mario Blanco 0-0: Ball
1-0: Called Strike
1-1: Ball
2-1: Ball
3-1: Base on Balls
Batting: RHB Omer Yurtseven 0-0: DOUBLE (Line Drive, 7D)
Mario Blanco to third
Batting: RHB Yosuke Hayashi 0-0: Swinging Strike
0-1: Ground out 1-3 (Groundball, P)
Batting: RHB Francisco Agámez 0-0: TRIPLE (Flyball, 89XD)
Mario Blanco scores
Omer Yurtseven scores
Batting: LHB Hideki Hisanobu 0-0: Foul Ball, location: 2F
0-1: Ball
1-1: Ground out 5-3 (Groundball, 56)
Francisco Agámez scores
Batting: LHB Theo Fightmaster 0-0: Ball
1-0: Ball
2-0: Swinging Strike
2-1: Foul Ball, location: 2F
2-2: Ball
3-2: Base on Balls
Batting: LHB Jorge Alejándrez 0-0: Ball
1-0: Foul Ball, location: 2F
1-1: Ball
2-1: Reached on error, E3 (Groundball, 34S)
Theo Fightmaster to second
Batting: SHB Jason Alexander 0-0: Called Strike
0-1: Foul Ball, location: 2F
0-2: Foul Ball, location: 2F
0-2: Ball
1-2: Fly out, F8 (Flyball, 89M)
Top of the 2nd over - 3 runs, 2 hits, 1 error, 2 left on base; Bakersfield 6 - Phoenix 0
BOTTOM OF THE 2ND
Phoenix Hotspur Reserves batting - Pitching for Bakersfield Nobles : RHP Ricardo Gómez
Batting: RHB Júlio Mateo 0-0: Swinging Strike
0-1: Ball
1-1: Ball
2-1: Foul Ball, location: 2F
2-2: Ground out 4-3 (Groundball, 4)
Batting: RHB Jesús Mejía 0-0: Ball
1-0: Foul Ball, location: 2F
1-1: Ball
2-1: Called Strike
2-2: Ball
3-2: Base on Balls
Batting: RHB Bob Curry 0-0: Ball
1-0: Ball
2-0: Called Strike
2-1: Foul Ball, location: 2F
2-2: Foul Ball, location: 2F
2-2: Foul Ball, location: 2F
2-2: Grounds into double play, 6-4-3 (Groundball, 6)
Bottom of the 2nd over - 0 runs, 0 hits, 0 errors, 0 left on base; Bakersfield 6 - Phoenix 0
TOP OF THE 3RD
Bakersfield Nobles batting - Pitching for Phoenix Hotspur Reserves : RHP José Ruíz
Batting: RHB António Ramírez 0-0: Ball
1-0: Ball
2-0: SINGLE (Flyball, 78S)
Batting: RHB Mario Blanco 0-0: Ball
1-0: Foul Ball, location: 2F
1-1: Ball
2-1: Swinging Strike
2-2: Strikes out swinging
Batting: RHB Omer Yurtseven 0-0: Called Strike
0-1: Ball
1-1: Ball
2-1: 2-RUN HOME RUN (Flyball, 7LD), Distance : 349 ft
Batting: RHB Yosuke Hayashi 0-0: Ball
1-0: Foul Ball, location: 2F
1-1: Called Strike
1-2: Strikes out swinging
Batting: RHB Francisco Agámez 0-0: Ball
1-0: Ground out 4-3 (Groundball, 4)
Top of the 3rd over - 2 runs, 2 hits, 0 errors, 0 left on base; Bakersfield 8 - Phoenix 0
BOTTOM OF THE 3RD
Phoenix Hotspur Reserves batting - Pitching for Bakersfield Nobles : RHP Ricardo Gómez
Batting: RHB Rubén Andrada 0-0: Foul Ball, location: 2F
0-1: Ball
1-1: Foul Ball, location: 2F
1-2: Ball
2-2: Ground out 3-1 (Groundball, 34)
Batting: RHB Hiwahikeiki Noelani 0-0: Called Strike
0-1: Foul Ball, location: 2F
0-2: Ball
1-2: Foul Ball, location: 2F
1-2: SINGLE (Groundball, 34D)
Batting: SHB Roberto López 0-0: Ball
1-0: Ball
2-0: Called Strike
2-1: Foul Ball, location: 2F
2-2: SINGLE (Groundball, 34D)
Hiwahikeiki Noelani to second
Runner from 2nd tries for 3rd, SAFE, no throw
Batting: RHB Satoshi Terada 0-0: Called Strike
0-1: Ball
1-1: Called Strike
1-2: SINGLE (Line Drive, 89S)
Hiwahikeiki Noelani scores
Roberto López to second
Batting: RHB Hieronymus Bosch 0-0: Grounds into double play, 5-4-3 (Groundball, 56)
Bottom of the 3rd over - 1 run, 3 hits, 0 errors, 1 left on base; Bakersfield 8 - Phoenix 1
TOP OF THE 4TH
Bakersfield Nobles batting - Pitching for Phoenix Hotspur Reserves : RHP José Ruíz
Batting: LHB Hideki Hisanobu 0-0: Foul Ball, location: 2F
0-1: Ball
1-1: Called Strike
1-2: Strikes out swinging
Batting: LHB Theo Fightmaster 0-0: Foul Ball, location: 2F
0-1: Ball
1-1: Swinging Strike
1-2: Strikes out swinging
Batting: LHB Jorge Alejándrez 0-0: Called Strike
0-1: Ball
1-1: Fly out, F6 (Line Drive, 6)
Top of the 4th over - 0 runs, 0 hits, 0 errors, 0 left on base; Bakersfield 8 - Phoenix 1
BOTTOM OF THE 4TH
Phoenix Hotspur Reserves batting - Pitching for Bakersfield Nobles : RHP Ricardo Gómez
Batting: RHB Julián De Paz 0-0: Foul Ball, location: 2F
0-1: SINGLE (Line Drive, 6D)
Batting: RHB Júlio Mateo 0-0: Ball
1-0: Ball
2-0: Foul Ball, location: 2F
2-1: Ball
3-1: Called Strike
3-2: Grounds into double play, 6-4-3 (Groundball, 6)
Batting: RHB Jesús Mejía 0-0: Ball
1-0: Called Strike
1-1: Ground out 6-3 (Groundball, 6M)
Bottom of the 4th over - 0 runs, 1 hit, 0 errors, 0 left on base; Bakersfield 8 - Phoenix 1
TOP OF THE 5TH
Bakersfield Nobles batting - Pitching for Phoenix Hotspur Reserves : RHP José Ruíz
Batting: SHB Jason Alexander 0-0: Ball
1-0: Called Strike
1-1: Called Strike
1-2: Strikes out looking
Batting: RHB António Ramírez 0-0: Ball
1-0: Ground out 3-1 (Groundball, 34S)
Batting: RHB Mario Blanco 0-0: Foul Ball, location: 2F
0-1: Ball
1-1: Ball
2-1: Ball
3-1: Foul Ball, location: 2F
3-2: Fly out, F7 (Flyball, 7S)
Top of the 5th over - 0 runs, 0 hits, 0 errors, 0 left on base; Bakersfield 8 - Phoenix 1
BOTTOM OF THE 5TH
Phoenix Hotspur Reserves batting - Pitching for Bakersfield Nobles : RHP Ricardo Gómez
Batting: RHB Bob Curry 0-0: Ball
1-0: Foul Ball, location: 2F
1-1: Ball
2-1: Foul Ball, location: 2F
2-2: Ball
3-2: Strikes out swinging, 2-3 out at first.
Batting: RHB Rubén Andrada 0-0: Ball
1-0: Foul Ball, location: 2F
1-1: Ball
2-1: Ball
3-1: Called Strike
3-2: Foul Ball, location: 2F
3-2: Base on Balls
Batting: RHB Hiwahikeiki Noelani 0-0: Ball
1-0: Ground out 3-1 (Groundball, 34S)
Rubén Andrada to second
Batting: SHB Roberto López 0-0: Ball
1-0: Swinging Strike
1-1: Ball
2-1: Called Strike
2-2: SINGLE (Groundball, 6MD)
Rubén Andrada to third
Runner from 3rd tries for Home, SAFE, no throw
Batting: RHB Satoshi Terada 0-0: Called Strike
0-1: Foul Ball, location: 2F
0-2: Ball
1-2: SINGLE (Groundball, 6MD)
Roberto López to second
Runner from 2nd tries for 3rd, SAFE, no throw
Batting: RHB Hieronymus Bosch 0-0: Called Strike
0-1: Swinging Strike
0-2: Ball
1-2: Ground out 5-3 (Groundball, 56S)
Bottom of the 5th over - 1 run, 2 hits, 0 errors, 2 left on base; Bakersfield 8 - Phoenix 2
TOP OF THE 6TH
Bakersfield Nobles batting - Pitching for Phoenix Hotspur Reserves : RHP José Ruíz
Pitching: RHP Gabriel Hernández
Batting: RHB Omer Yurtseven 0-0: Called Strike
0-1: Foul Ball, location: 2F
0-2: Ball
1-2: Ball
2-2: Foul Ball, location: 2F
2-2: Foul Ball, location: 2F
2-2: Ball
3-2: Base on Balls
Batting: RHB Yosuke Hayashi 0-0: Called Strike
0-1: Ball
1-1: Ball
2-1: Foul Ball, location: 2F
2-2: Grounds into double play, 1-6-3 (Groundball, 13)
Batting: RHB Francisco Agámez 0-0: Ball
1-0: Ball
2-0: Ball
3-0: Called Strike
3-1: Foul Ball, location: 2F
3-2: Foul Ball, location: 2F
3-2: Foul Ball, location: 2F
3-2: Foul Ball, location: 2F
3-2: Foul Ball, location: 2F
3-2: Foul Ball, location: 2F
3-2: Strikes out swinging
Top of the 6th over - 0 runs, 0 hits, 0 errors, 0 left on base; Bakersfield 8 - Phoenix 2
BOTTOM OF THE 6TH
Phoenix Hotspur Reserves batting - Pitching for Bakersfield Nobles : RHP Ricardo Gómez
Batting: RHB Julián De Paz 0-0: Called Strike
0-1: Swinging Strike
0-2: Ball
1-2: Ground out 3-1 (Groundball, 34S)
Batting: RHB Júlio Mateo 0-0: Called Strike
0-1: Swinging Strike
0-2: Strikes out swinging
Batting: RHB Jesús Mejía 0-0: Ball
1-0: Foul Ball, location: 2F
1-1: Called Strike
1-2: Ground out 6-3 (Groundball, 6)
Bottom of the 6th over - 0 runs, 0 hits, 0 errors, 0 left on base; Bakersfield 8 - Phoenix 2
TOP OF THE 7TH
Bakersfield Nobles batting - Pitching for Phoenix Hotspur Reserves : RHP Gabriel Hernández
Batting: LHB Hideki Hisanobu 0-0: Ball
1-0: Ball
2-0: Ground out 4-3 (Groundball, 34D)
Batting: LHB Theo Fightmaster 0-0: Ball
1-0: Ground out 6-3 (Groundball, 6)
Batting: LHB Jorge Alejándrez 0-0: Ball
1-0: Ball
2-0: Ball
3-0: Called Strike
3-1: SINGLE (Line Drive, 8RS)
Batting: SHB Jason Alexander 0-0: Called Strike
0-1: Ball
1-1: Fly out, F7 (Flyball, 7)
Top of the 7th over - 0 runs, 1 hit, 0 errors, 1 left on base; Bakersfield 8 - Phoenix 2
BOTTOM OF THE 7TH
Phoenix Hotspur Reserves batting - Pitching for Bakersfield Nobles : RHP Ricardo Gómez
Batting: RHB Bob Curry 0-0: Ball
1-0: Ball
2-0: Ball
3-0: Called Strike
3-1: Fly out, F9 (Flyball, 9D)
Batting: RHB Rubén Andrada 0-0: SINGLE (Line Drive, 7LS)
Batting: RHB Hiwahikeiki Noelani 0-0: Called Strike
0-1: Swinging Strike
0-2: Fielders Choice at 2nd, 1-6 (Groundball, 13S)
Pitching: RHP Armando Garay
Batting: SHB Roberto López 0-0: Ball
1-0: Swinging Strike
1-1: Ball
2-1: Fly out, F8 (Flyball, 78S)
Bottom of the 7th over - 0 runs, 1 hit, 0 errors, 1 left on base; Bakersfield 8 - Phoenix 2
TOP OF THE 8TH
Bakersfield Nobles batting - Pitching for Phoenix Hotspur Reserves : RHP Gabriel Hernández
Batting: RHB António Ramírez 0-0: Ball
1-0: Ball
2-0: Fly out, F8 (Flyball, 8LD)
Batting: RHB Mario Blanco 0-0: Called Strike
0-1: Ground out 5-3 (Groundball, 56)
Batting: RHB Omer Yurtseven 0-0: Fly out, F5 (Line Drive, 5)
Top of the 8th over - 0 runs, 0 hits, 0 errors, 0 left on base; Bakersfield 8 - Phoenix 2
BOTTOM OF THE 8TH
Phoenix Hotspur Reserves batting - Pitching for Bakersfield Nobles : RHP Armando Garay
Batting: RHB Satoshi Terada 0-0: Ball
1-0: Ball
2-0: Ball
3-0: Base on Balls
Batting: RHB Hieronymus Bosch 0-0: Called Strike
0-1: Fly out, F9 (Flyball, 9S)
Batting: RHB Julián De Paz 0-0: Fly out, F7 (Flyball, 7LDF)
Batting: RHB Júlio Mateo 0-0: Called Strike
0-1: Ball
1-1: Ball
2-1: Foul Ball, location: 2F
2-2: Foul Ball, location: 2F
2-2: Fly out, F9 (Flyball, 9LS)
Bottom of the 8th over - 0 runs, 0 hits, 0 errors, 1 left on base; Bakersfield 8 - Phoenix 2
TOP OF THE 9TH
Bakersfield Nobles batting - Pitching for Phoenix Hotspur Reserves : RHP Gabriel Hernández
Batting: RHB Yosuke Hayashi 0-0: Ball
1-0: Ball
2-0: Foul Ball, location: 2F
2-1: Ball
3-1: Foul Ball, location: 2F
3-2: Base on Balls
Batting: RHB Francisco Agámez 0-0: Fly out, F9 (Flyball, 9LD)
Batting: LHB Hideki Hisanobu 0-0: Called Strike
Yosuke Hayashi steals 2nd base
0-1: Ball
1-1: Ball
2-1: Ball
3-1: Fly out, F8 (Flyball, 8RM)
Batting: LHB Theo Fightmaster 0-0: Called Strike
0-1: Ball
1-1: Ball
2-1: Foul Ball, location: 2F
2-2: Ball
3-2: Base on Balls
Batting: LHB Jorge Alejándrez 0-0: Foul Ball, location: 2F
0-1: Fly out, F9 (Flyball, 89D)
Top of the 9th over - 0 runs, 0 hits, 0 errors, 2 left on base; Bakersfield 8 - Phoenix 2
BOTTOM OF THE 9TH
Phoenix Hotspur Reserves batting - Pitching for Bakersfield Nobles : RHP Armando Garay
Batting: RHB Jesús Mejía 0-0: Ball
1-0: Ball
2-0: Foul Ball, location: 2F
2-1: Ball
3-1: Base on Balls
Batting: RHB Bob Curry 0-0: Called Strike
0-1: Ball
1-1: Called Strike
1-2: Grounds into double play, 4-6-3 (Groundball, 4M)
Batting: RHB Rubén Andrada 0-0: Foul Ball, location: 2F
0-1: Fly out, F8 (Flyball, 78D)
Bottom of the 9th over - 0 runs, 0 hits, 0 errors, 0 left on base; Bakersfield 8 - Phoenix 2
Tuesday, December 19th, 2017 - OOTP Baseball 18.8 Build 76